 Dungeon Crawl Stone Soup version 0.17.0 (webtiles) character file.

88 George the Slasher (level 4, -4/52 HPs)
             Began as a Human Fighter on Nov 6, 2015.
             Was a Follower of Zin.
             Slain by Aelig's ghost (11 damage)
             ... on level 3 of the Dungeon.
             The game lasted 00:04:49 (1898 turns).

George the Slasher (Human Fighter)                  Turns: 1898, Time: 00:04:49

Health: -4/52      AC:  9    Str: 22    XL:     4   Next: 82%
Magic:  4/4        EV:  5    Int:  9    God:    Zin [*.....]
Gold:   140        SH:  9    Dex: 12    Spells: 0 memorised, 3 levels left

rFire  . . .     SeeInvis .     a - +0 long sword
rCold  . . .     Clarity  .     s - +0 chain mail
rNeg   . . .     SustAt   .     c - +0 shield
rPois  .         Gourm    .     (no helmet)
rElec  .         Spirit   .     (no cloak)
rCorr  .         Warding  .     (no gloves)
rMut   .         Stasis   .     (no boots)
MR     .....                    q - amulet of rage
Stlth  ..........               (no ring)
                                (no ring)

@: berserking, short of breath, very quick, not resistant to hostile
enchantments, extremely unstealthy
A: no striking features
a: Recite, Donate Gold, Renounce Religion, Evoke Berserk Rage


You were on level 3 of the Dungeon.
You worshipped Zin.
Zin was aware of your devotion.
You were hungry.

You visited 1 branch of the dungeon, and saw 3 of its levels.

You collected 155 gold pieces.
You donated 15 gold pieces to Zin.

Inventory:

Hand Weapons
 a - a +0 long sword (weapon)
Armour
 c - a +0 shield (worn)
 s - a +0 chain mail (worn)
Jewellery
 q - an amulet of rage (around neck)
Wands
 n - a wand of enslavement (9)
Scrolls
 f - a scroll of enchant armour {unknown}
 h - 4 scrolls of identify {unknown}
 o - a scroll of enchant weapon {unknown}
 r - a scroll of amnesia {unknown}
 t - 2 scrolls of teleportation {unknown}
Potions
 d - a potion of might
 i - 2 potions of lignification {unknown}
 k - a potion of cure mutation {unknown}
 l - a potion of haste {unknown}
 m - a potion of invisibility {unknown}
Comestibles
 e - a bread ration
 g - 3 meat rations
 j - a slice of pizza
 p - a royal jelly


   Skills:
 - Level 3.0 Fighting
 + Level 4.3 Long Blades
 - Level 3.0 Armour
 - Level 3.0 Shields
 + Level 1.3 Invocations


You had 3 spell levels left.
You didn't know any spells.

Dungeon Overview and Level Annotations

Branches:
Dungeon (3/15)

Altars:
Elyvilon
Nemelex Xobeh
Qazlal
Trog
Yredelemnul
Zin
The Shining One

Annotations:
D:3 Aelig's ghost, amateur DsFi; Grinder


Message History

You slash Aelig's ghost!
Aelig's ghost is moderately damaged.
You block Aelig's ghost's attack.
You closely miss Aelig's ghost.
Aelig's ghost is moderately damaged.
Aelig's ghost crushes a nearby insect and laughs.
You block Aelig's ghost's attack.
You hit Aelig's ghost.
Aelig's ghost is heavily damaged.
You block Aelig's ghost's attack. Aelig's ghost hits you!
You hit Aelig's ghost.
Aelig's ghost is heavily damaged.
You block Aelig's ghost's attack.
Grinder comes into view.
Grinder gestures at you. Pain shoots through your body!
* * * LOW HITPOINT WARNING * * *
A red film seems to cover your vision as you go berserk!
You feel yourself moving faster!
You feel mighty! Aelig's ghost hits you!
You die...

#.# # ##. #.# ####
..? ... +... .. #.#
#### #.##.# #
##.##.# ##..5#.#
##....W.# +#
#.....@.# #.### ###
##.....## #... ..#
##...## ####..# #.#
##.## ##. ....## #.#
#.# #.# #....###.##
#.####.# #.........[
#......###..(####.##
#######...#..# #.#
#####..####.#


You could see Grinder and Aelig's ghost.

Vanquished Creatures
  3 adders (D:2)
  A worm (D:2)
  An orc (D:3)
  4 giant cockroaches
  6 goblins (D:1)
  7 hobgoblins
  5 jackals (D:1)
  12 bats
  A giant gecko (D:2)
  4 giant newts
  2 kobolds
  12 rats
  A spectral orc (D:2)
59 creatures vanquished.

Notes
Turn   | Place    | Note
--------------------------------------------------------------
     0 | D:1      | George the Human Fighter began the quest for the Orb.
     0 | D:1      | Reached XP level 1. HP: 18/18 MP: 1/1
    38 | D:1      | Reached XP level 2. HP: 21/24 MP: 2/2
   318 | D:1      | Reached XP level 3. HP: 26/29 MP: 3/3
   888 | D:2      | Reached XP level 4. HP: 27/35 MP: 4/4
   903 | D:2      | Reached skill level 4 in Long Blades
   945 | D:2      | Found a stormy altar of Qazlal.
   960 | D:2      | Found a sparkling altar of Nemelex Xobeh.
   960 | D:2      | Found a bloodstained altar of Trog.
   963 | D:2      | Found a glowing silver altar of Zin.
   963 | D:2      | Found a white marble altar of Elyvilon.
  1056 | D:2      | Became a worshipper of Zin the Law-Giver
  1056 | D:2      | Reached * piety under Zin
  1151 | D:2      | Found a glowing golden altar of the Shining One.
  1329 | D:2      | Found a basalt altar of Yredelemnul.
  1462 | D:2      | Reached skill level 1 in Invocations
  1888 | D:3      | Noticed Aelig's ghost (amateur DsFi)
  1897 | D:3      | Noticed Grinder
  1898 | D:3      | Slain by Aelig's ghost

Action                   |  1- 3 |  4- 6 || total
-------------------------+-------+-------++-------
Melee: Long sword        |   132 |   111 ||   243
Invok: Recite            |       |     1 ||     1
 Abil: Evoke Berserk Rag |       |     1 ||     1
  Eat: Chunk             |       |     3 ||     3
